 Dungeon Crawl Stone Soup version 0.31-a0-1620-gcbf77bbcfc (webtiles) character file.

Game seed: 13915514854848591328

300 Ge0ff the Changeling (level 6, 0/42 HPs)
             Began as a Merfolk Shapeshifter on Jan 10, 2024.
             Slain by Tinttamiau's ghost (11 damage)
             ... on level 4 of the Dungeon.
             The game lasted 00:05:06 (3544 turns).

Ge0ff the Changeling (Merfolk Shapeshifter)         Turns: 3544, Time: 00:05:07

Health: 0/42       AC:  2    Str: 19    XL:     6   Next: 36%
Magic:  6/6        EV: 16    Int:  5    God:
Gold:   224        SH:  0    Dex: 14    Spells: 5/5 levels left

rFire   . .          .
                       - Unarmed
rCold   . . .        (shield currently unavailable)
rNeg    . . .        Q - melded +0 ring mail
rPois   .            M - +0 helmet
rElec   .            (no cloak)
rCorr   .            (no gloves)
SInv    .            K - +0 pair of boots
Will    .....        V - amulet of Corpha {Acrobat Rampage Str+3 Int-4}
Stlth   +            (no ring)
HPRegen 0.27/turn    (no ring)
MPRegen 0.10/turn

%: acrobat, rampage
@: flux-form, glowing
A: glow, contaminating, reduced hp, (nimble swimmer 2), mertail
a: Begin Untransformation


You were on level 4 of the Dungeon.
You were something dangerously unstable.
You visited 1 branch of the dungeon, and saw 4 of its levels.

You collected 224 gold pieces.

Inventory:

Hand Weapons
 T - a +3 dagger of pain
Missiles
 G - 7 poisoned darts
 P - 28 stones (quivered)
 R - 6 boomerangs
Armour
 K - a +0 pair of boots (worn)
 M - a +0 helmet (worn)
 Q - a +0 ring mail (melded)
Magical Staves
 D - a staff of conjuration
Jewellery
 V - the amulet of Corpha (around neck) {Acrobat Rampage Str+3 Int-4}
   (You found it on level 2 of the Dungeon)

   [amulet of the acrobat]

   Acrobat:   It increases your evasion while moving and waiting.
   Str+3:     It affects your strength (+3).
   Int-4:     It affects your intelligence (-4).
   Rampage:   It bestows one free step when moving towards enemies.
Talismans
 c - a beast talisman
 d - a flux talisman (active)
 C - a maw talisman
Scrolls
 F - a scroll of enchant weapon {unknown}
 H - 2 scrolls of identify {unknown}
 I - a scroll of vulnerability {unknown}
 O - 5 scrolls of teleportation {unknown}
 S - a scroll of noise {unknown}
 W - a scroll of enchant armour {unknown}
 Y - 2 scrolls of torment {unknown}
Potions
 E - a potion of curing {unknown}
 J - 3 potions of haste {unknown}
 L - a potion of lignification
 N - 3 potions of might {unknown}
 U - 2 potions of degeneration {unknown}
 X - 2 potions of heal wounds {unknown}
 Z - a potion of resistance {unknown}


   Skills:
 - Level 3.0 Fighting
 - Level 2.6 Dodging
 - Level 2.0 Stealth
 + Level 5.2 Unarmed Combat
 + Level 6.0 Shapeshifting


You had 5 spell levels left.
You didn't know any spells.
Your spell library contained the following spells:

 Spells                   Type           Power      Damage    Failure   Level
 Magic Dart               Conj           0%         1d3       47%         1
 Blink                    Tloc           0%         N/A       63%         2
 Call Imp                 Summ           0%         N/A       63%         2


Dungeon Overview and Level Annotations

Branches:
Dungeon (4/15) Zot: 20474
 Temple: D:4-7

Altars:
Sif Muna

Shops:
D:4 :

Annotations:
D:4 Tinttamiau's ghost, amateur FoFi


Innate Abilities, Weirdness & Mutations

You are something dangerously unstable.
You glow with magical radiation, making you easy to see and hit.
Foes you strike become dangerously contaminated with magical radiation.
Your maximum health is decreased, since you lack skill for your form.
You are incapable of wielding weapons or throwing items.
((You are very nimble when in or above water. (Stealth+, EV+, Speed+++)))
Your lower body shifts to a powerful aquatic tail in water.


Message History

You barely miss Tinttamiau's ghost. Tinttamiau's ghost misses you.
You closely miss Tinttamiau's ghost.
Tinttamiau's ghost keens inconsolably.
Tinttamiau's ghost hits you.
You barely miss Tinttamiau's ghost. Tinttamiau's ghost hits you.
You hit Tinttamiau's ghost.
Tinttamiau's ghost begins to glow.
Tinttamiau's ghost is lightly damaged.
Tinttamiau's ghost barely misses you.
You barely miss Tinttamiau's ghost.
Tinttamiau's ghost is lightly damaged.
Tinttamiau's ghost closely misses you.
You hit Tinttamiau's ghost but do no damage.
Tinttamiau's ghost glows dangerously bright.
Tinttamiau's ghost hits you!
You hit Tinttamiau's ghost but do no damage.
Tinttamiau's ghost shudders as magic cascades through it!!
Tinttamiau's ghost is heavily damaged.
Tinttamiau's ghost barely misses you.
You barely miss Tinttamiau's ghost.
Tinttamiau's ghost is heavily damaged.
You closely miss Tinttamiau's ghost.
Tinttamiau's ghost is heavily damaged.
Tinttamiau's ghost hits you.
You barely miss Tinttamiau's ghost.
Tinttamiau's ghost is heavily damaged.
Tinttamiau's ghost hits you but does no damage.
You barely miss Tinttamiau's ghost.
Tinttamiau's ghost is heavily damaged.
Tinttamiau's ghost hits you!
You hit Tinttamiau's ghost but do no damage.
Tinttamiau's ghost begins to glow.
Tinttamiau's ghost is heavily damaged.
Tinttamiau's ghost hits you!
* * * LOW HITPOINT WARNING * * *
You hit Tinttamiau's ghost but do no damage.
Tinttamiau's ghost glows dangerously bright.
Tinttamiau's ghost is heavily damaged.
Tinttamiau's ghost closely misses you.
You hit Tinttamiau's ghost.
Tinttamiau's ghost shudders as magic cascades through it!!
Tinttamiau's ghost is almost destroyed.
Tinttamiau's ghost misses you.
You closely miss Tinttamiau's ghost.
Tinttamiau's ghost is almost destroyed.
Tinttamiau's ghost closely misses you.
You hit Tinttamiau's ghost but do no damage.
Tinttamiau's ghost begins to glow.
Tinttamiau's ghost is almost destroyed.
Tinttamiau's ghost hits you!
You die...

#....####..#>..+.......<...#
...........#...#####.....#.####
...........#...#.(.###..<.....#
[..........#####.~.###.###.##.#
...........# #.~.#.....#.##.##
#....####..# #.~.#.#.#.#.##..##
#....# #..#####.~.#+#.#.#.#.....
#....# #..#...##W##...#.#.#.....
#....####..#....p......#.#.#.....
...........#...........#.#.#>...)
...........#.............#.#.....
##''########..........####.#.....
#...# #########.......####'#
#...# ######### #.# #...# #.#
#.### ##### #########.. #.#
##...## ##...##.....


You could see Tinttamiau's ghost (contam).

Vanquished Creatures
  A water moccasin skeleton (D:3)
  A hound (D:4)
  A sleepcap (D:4)
  An orc wizard (D:4)
  A hound zombie (D:3)
  7 adders
  An adder zombie (D:3)
  3 dart slugs
  2 ribbon worms
  5 orcs
  7 ball pythons
  2 bats (D:2)
  7 endoplasms
  2 giant cockroaches
  4 goblins
  7 hobgoblins
  3 jackals
  2 quokkas
  A ball python skeleton (D:3)
  A jackal skeleton (D:3)
  10 kobolds
  5 rats
74 creatures vanquished.

Notes
Turn   | Place    | Note
-------+----------+-------------------------------------------
     0 | D:1      | Ge0ff the Merfolk Shapeshifter began the quest for the Orb.
     0 | D:1      | Reached XP level 1. HP: 15/15 MP: 1/1
   447 | D:1      | Reached XP level 2. HP: 19/21 MP: 2/2
   521 | D:1      | Reached skill level 1 in Stealth
   937 | D:2      | Identified the amulet of Corpha {Acrobat Rampage Str+3
                  | Int-4}
   963 | D:2      | Reached XP level 3. HP: 26/27 MP: 3/3
  1414 | D:2      | Reached XP level 4. HP: 33/33 MP: 4/4
  1818 | D:3      | Found a shimmering blue altar of Sif Muna.
  1976 | D:3      | Reached skill level 5 in Shapeshifting
  1976 | D:3      | Reached XP level 5. HP: 30/40 MP: 5/5
  2608 | D:4      | Found a runed translucent door.
  2986 | D:4      | Reached XP level 6. HP: 32/47 MP: 6/6
  2987 | D:4      | Reached skill level 5 in Unarmed Combat
  3185 | D:4      | Reached skill level 6 in Shapeshifting
  3257 | D:4      | Found Weokha's Tremendous Tomes.
  3517 | D:4      | Noticed Tinttamiau's ghost (amateur FoFi)
  3544 | D:4      | Slain by Tinttamiau's ghost

Illustrated notes

Levels and vault maps discovered:
D:1:      nzn_arrival_crosshair, layout_loops_ring
D:2:      layout_basic
D:3:      layout_basic, mainiacjoe_overflow_chevrons, serial_undead,
          serial_undead_c, serial_undead_a, serial_undead_b, serial_undead_a
D:4:      minmay_octagon_keep, layout_basic, serial_glass, glass_columns_a,
          glass_columns_c, ebering_ghost_reflecting_pool,
          nicolae_shop_i_like_big_books, kennysheep_dice

Skill      XL: |  1  2  3  4  5  6 |
---------------+-------------------+-----
Stealth        | 1 2 |  2.0
Fighting       | 2 3 |  3.0
Unarmed Combat | 4 5 |  5.2
Shapeshifting  | 5 6 |  6.0
Dodging        | |  2.6

Action                     |  1- 3 |  4- 6 || total
---------------------------+-------+-------++-------
  Melee: Unarmed           |    74 |   169 ||   243
         Punch             |     1 |     3 ||     4
Ability: Begin Untransform |     1 |     1 ||     2
   Stab: Sleeping          |     5 |     2 ||     7
 Armour: Animal skin       |    28 |     3 ||    31
         Ring mail         |       |    71 ||    71
         Skin              |       |     8 ||     8
  Dodge: Dodged            |    33 |    83 ||   116
   Form: Beast             |     1 |     1 ||     2
         Flux              |       |     1 ||     1

Table legend: (Time is in decaauts)
 A = Elapsed time spent in this place.
 B = Non-inter-level travel time spent in this place.
 C = Inter-level travel time spent in this place.
 D = Time resting spent in this place.
 E = Time spent auto-exploring this place.
 F = Levels seen in this place.
 G = Mean time per level.
                   A        B        C        D        E       F      G
               +--------+--------+--------+--------+--------+-----+--------+
         Total |   3524 |   3334 |    190 |    100 |   2553 |   4 |  881.0 |
       Dungeon |   3524 |   3334 |    190 |    100 |   2553 |   4 |  881.0 |
               +--------+--------+--------+--------+--------+-----+--------+

Top non-repeatable levels by time:
     D:4: 978 daAuts
     D:2: 905 daAuts
     D:3: 825 daAuts
     D:1: 814 daAuts
